 Dungeon Crawl Stone Soup version 0.17-a0-1181-gabc46e6 (webtiles) character file.

202 Murumi the Shield-Bearer (level 6, -1/48 HPs)
             Began as a Formicid Fighter on June 1, 2015.
             Slain by an ogre
             ... wielding a +0 giant club
              (15 damage)
             ... on level 4 of the Dungeon.
             The game lasted 00:14:17 (3119 turns).

Murumi the Shield-Bearer (Formicid Fighter)         Turns: 3119, Time: 00:14:18

Health: -1/48      AC:  7    Str: 23    XL:     6   Next: 8%
Magic:  6/6        EV:  4    Int:  7    God:
Gold:   130        SH: 10    Dex: 10    Spells: 0 memorised, 5 levels left

rFire  . . .     SeeInvis +     a - +0 long sword
rCold  . . .     Clarity  .     b - +0 scale mail
rNeg   . . .     SustAt   .     c - +0 shield
rPois  .         Gourm    .     (helmet unavailable)
rElec  .         Spirit   .     (no cloak)
rCorr  .         Warding  .     (no gloves)
rMut   .         Stasis   +     (no boots)
MR     .....                    (no amulet)
Stlth  ..........               (no ring)
                                (no ring)

@: not resistant to hostile enchantments, extremely unstealthy
A: permanent stasis, dig shafts and tunnels, four strong arms, antennae 3
a: Dig, Shaft Self


You were on level 4 of the Dungeon.
You were hungry.

You visited 1 branch of the dungeon, and saw 4 of its levels.

You collected 152 gold pieces.
You spent 22 gold pieces at shops.

Inventory:

Hand weapons
 a - a +0 long sword (weapon)
Armour
 b - a +0 scale mail (worn)
 c - a +0 shield (worn)
Scrolls
 o - a scroll of fog
 q - a scroll of magic mapping
Potions
 d - a potion of might
 f - a potion of agility
 h - a potion of resistance
 i - a potion of curing
 j - a potion of heal wounds
 l - a potion of cancellation
 n - a potion of lignification
 p - a potion of flight {unknown}
Comestibles
 e - 3 bread rations
 g - a slice of pizza
 k - 6 fruits
 m - 2 meat rations


   Skills:
 - Level 4.0 Fighting
 - Level 3.0 Long Blades
 - Level 4.1 Armour
 + Level 2.0 Dodging
 - Level 5.0 Shields


You had 5 spell levels left.
You didn't know any spells.

Dungeon Overview and Level Annotations

Branches:
Dungeon (4/15)
 Temple: D:4-7

Altars:

Shops:
D:4 *

Annotations:
D:4 Menkaure


Innate Abilities, Weirdness & Mutations

You are under a permanent stasis effect.
You can dig through walls and to a lower floor.
Your four strong arms can wield two-handed weapons with a shield.
You have a pair of large antennae on your head (SInv).


Message History

There is a stone staircase leading up here.
You climb upwards.
There is a stone staircase leading down here.
There is a stone staircase leading down here.
You climb downwards.
An orc comes into view. It is wielding a short sword.
The orc shouts!
An ogre comes into view. It is wielding a giant club.
There is a stone staircase leading up here.
Menkaure, Prince of Dust comes into view.
Menkaure shouts!
You hear a shout!
Menkaure calls on the powers of darkness!
Your body is wracked with pain!
The ogre shouts!
The ogre hits you with a giant club!
There is a stone staircase leading up, spattered with blood here.
The orc hits you with a short sword.
* * * LOW HITPOINT WARNING * * *
The ogre hits you with a giant club!
You die...

### ### #..
....
.#.####.##...#.
......o.O......
#@# #.#
#........
####{#### M. .#
#


You could see an ogre and an orc.

Vanquished Creatures
  Natasha (thrice) (D:3)
  3 gnolls (D:2)
  6 adders
  2 worms
  3 giant geckos
  An orc (D:3)
  10 bats
  3 giant cockroaches
  5 goblins
  6 hobgoblins
  12 jackals (D:3)
  2 quokkas
  4 giant newts
  8 kobolds
  9 rats
77 creatures vanquished.

Notes
Turn   | Place    | Note
--------------------------------------------------------------
     0 | D:1      | Murumi the Formicid Fighter began the quest for the Orb.
     0 | D:1      | Reached XP level 1. HP: 18/18 MP: 1/1
    53 | D:1      | Reached skill level 4 in Shields
    72 | D:1      | Reached XP level 2. HP: 24/24 MP: 2/2
   104 | D:1      | Reached skill level 1 in Dodging
   354 | D:1      | Reached XP level 3. HP: 29/29 MP: 3/3
   983 | D:2      | Reached XP level 4. HP: 27/37 MP: 4/4
  1418 | D:2      | Reached XP level 5. HP: 38/42 MP: 5/5
  2684 | D:3      | Noticed Natasha
  2691 | D:3      | Killed Natasha
  2699 | D:3      | Reached XP level 6. HP: 33/48 MP: 6/6
  2758 | D:3      | Noticed Natasha
  2764 | D:3      | Killed Natasha
  2764 | D:3      | Reached skill level 5 in Shields
  2769 | D:3      | Noticed Natasha
  2777 | D:3      | Killed Natasha
  3074 | D:4      | Found Kazuw's General Store.
  3077 | D:4      | Bought a scroll of identify for 22 gold pieces
  3117 | D:4      | Noticed Menkaure
  3119 | D:4      | Slain by an ogre

Vault maps used:
D:1:      dpeg_arrival_arbitrary_a
D:2:      guppyfry_early_lair_pool
D:3:      minmay_misc_feat_ornament, kennysheep_generic_room_5, uniq_natasha
D:4:      serial_shops, nicolae_shop_crystal, kennysheep_mini, shop,
          nicolae_dithmenos_through_a_glass_darkly, uniq_menkaure

Action                   |  1- 3 |  4- 6 || total
-------------------------+-------+-------++-------
Melee: Long sword        |   120 |   213 ||   333
 Abil: Dig               |       |     1 ||     1
  Use: Scroll            |     2 |     9 ||    11
  Eat: Chunk             |       |     7 ||     7
